 Dungeon Crawl Stone Soup version 0.22-a0-430-g6609fc6 (webtiles) character file.

68114 TheOvate the Severer (level 14, -10/122 HPs)
             Began as a Minotaur Berserker on Mar 23, 2018.
             Was a High Priest of Trog.
             Mangled by an acid blob (23 damage)
             ... on level 1 of the Pits of Slime on May 26, 2018.
             The game lasted 01:55:35 (16089 turns).

TheOvate the Severer (Minotaur Berserker)          Turns: 16089, Time: 01:55:35

Health: -10/122    AC:  2    Str: 25    XL:     14   Next: 85%
Magic:  4/4        EV: 15    Int:  5    God:    Trog [*****.]
Gold:   1086       SH:  0    Dex: 17    Spells: 13/13 levels left

rFire    . . .     SeeInvis .   J - +4 executioner's axe (antimagic)
rCold    . . .     Gourm    .   (shield currently unavailable)
rNeg     + . .     Faith    .   H - +2 plate armour {rN+}
rPois    .         Spirit   .   (helmet restricted)
rElec    .         Reflect  .   (no cloak)
rCorr    .         Harm     .   a - +3 pair of gauntlets of War {Slay+5}
MR       +....                  b - +0 pair of boots {Fly}
Stlth    ..........             (no amulet)
HPRegen  0.30/turn              q - +6 ring of protection
MPRegen  0.09/turn              E - ring "Viokh" {Wiz Str+4 Dex+2}

@: confused, corroded, flying
A: retaliatory headbutt, horns 2, deterioration 1
a: Berserk, Trog's Hand, Brothers in Arms, Renounce Religion, Stop Flying


You were on level 1 of the Pits of Slime.
You worshipped Trog.
Trog was extremely pleased with you.
You were not hungry.

You visited 3 branches of the dungeon, and saw 18 of its levels.
You also visited: Ossuary.

You collected 1086 gold pieces.

Inventory:

Hand Weapons
 j - a +7 broad axe of freezing
 n - the +2 battleaxe of Dadgher {holy, +Fly Str+4}
   (Trog gifted it to you on level 9 of the Dungeon)

   It has been blessed by the Shining One to cause great damage to the undead
   and demons.
   It affects your strength (+4).
   It lets you fly.
 J - a +4 antimagic executioner's axe (weapon)
Missiles
 C - 3 exploding tomahawks (quivered)
Armour
 a - the +3 pair of gauntlets of War (worn) {Slay+5}
   (You found it on level 7 of the Dungeon)

   It affects your accuracy and damage with ranged weapons and melee attacks
   (+5).
 b - a +0 pair of boots of flying (worn)
 A - +0 acid dragon scales
 H - a +2 plate armour of positive energy (worn)
 K - +0 steam dragon scales
Jewellery
 q - a +6 ring of protection (left hand)
 r - a +5 ring of dexterity
 v - an uncursed ring of see invisible
 y - an uncursed ring of fire
 z - a +3 ring of strength
 E - the ring "Viokh" (right hand) {Wiz Str+4 Dex+2}
   (You found it on level 8 of the Dungeon)

   [ring of wizardry]

   It improves your spell success rate.
   It affects your strength (+4).
   It affects your dexterity (+2).
Wands
 i - a wand of paralysis (26)
 p - a wand of iceblast (8)
 t - a wand of digging (13)
 u - a wand of acid (11)
 x - a wand of clouds (5)
 F - a wand of scattershot (6)
 M - a wand of polymorph (16)
Scrolls
 d - a scroll of teleportation
 e - 7 scrolls of remove curse
 B - 2 scrolls of identify
 G - a scroll of magic mapping
 I - a scroll of enchant armour
Potions
 c - 2 potions of ambrosia
 f - 3 potions of resistance
 g - 2 potions of heal wounds
 h - a potion of might {unknown}
 k - 3 potions of curing
 o - 2 potions of berserk rage
 w - 3 potions of haste
 D - 3 potions of flight
 L - a potion of cancellation {unknown}
Comestibles
 m - 22 rations


   Skills:
 - Level 10.8 Fighting
 - Level 20.4 Axes
 - Level 14.6 Armour
 * Level 12.8 Dodging
 - Level 1.0 Stealth


You had 13 spell levels left.
You didn't know any spells.
Your spell library was empty.

Dungeon Overview and Level Annotations

Branches:
Dungeon (11/15)            Temple (0/1) D:7            Lair (6/6) D:8
  Swamp (0/4) Lair:3       Spider (0/4) Lair:4        Slime (1/5) Lair:6
    Orc (0/2) D:11

Altars:
Nemelex Xobeh
Uskayaw

Annotations:
D:8 lair entrance
D:11 orcish mines entrance
Lair:3 swamp entrance
Lair:4 entrance to spiders nest


Innate Abilities, Weirdness & Mutations

You reflexively headbutt those who attack you in melee.
You have a pair of horns on your head.
Your body sometimes deteriorates upon taking damage.


Message History

You are more confused.
The acid blob spits acid at you. The splash of acid hits you!
The acid corrodes you!
You are splashed with acid!
The acid burns!
* * * LOW HITPOINT WARNING * * *
The golden eye blinks at you. The acid blob hits you!
* * * LOW HITPOINT WARNING * * *
The acid corrodes you!
You are splashed with acid!
The acid burns!
* * * LOW HITPOINT WARNING * * *
You feel much better. The golden eye blinks at you.
You are more confused.
The golden eye blinks at you. The acid blob hits you.
* * * LOW HITPOINT WARNING * * *
The acid corrodes you!
You are splashed with acid!
The acid burns!
* * * LOW HITPOINT WARNING * * *
The acid blob hits you!!
You die...

.............# .#.
.....##.....## ...#
.............# ....
..#....<.....## .....
..............##.....
........G............
##.#....#............
##....#...J...#...#
......#..@JG.#......
.##........G.....ยง...
#....#.#..........#
##.######.......... #
......G....
#...........
.......>....
.............
.............


You could see 2 acid blobs and 4 golden eyes.

Vanquished Creatures
  An acid blob (Slime:1)
  Gastronok (D:9)
  2 azure jellies (Slime:1)
  Nessos (Lair:4)
  A fire dragon (Lair:6)
  8 hydras
  4 two-headed ogres
  14 death yaks
  Nergalle (D:10)
  A lindwurm (Lair:6)
  A shining eye (Slime:1)
  An orc knight (D:9)
  An ugly thing (D:11)
  4 elephants (Lair:6)
  4 black mambas
  A torpor snail (Lair:4)
  4 molten gargoyles
  3 gargoyles
  17 spiny frogs
  A rime drake (Lair:5)
  13 komodo dragons
  The ghost of Demitroll the Magician, a novice DEFE (D:7)
  5 polar bears (Lair:2)
  2 trolls (D:11)
  Grinder (D:3)
  7 slime creatures
  A hornet (D:11)
  4 blink frogs (Lair:6)
  17 hippogriffs
  10 dream sheep
  A vampire (D:11)
  A shadow (D:9)
  A wraith (D:11)
  7 wyverns
  14 yaks
  Grum (D:9)
  4 basilisks
  4 steam dragons
  11 water moccasins
  3 hell hounds (Lair:6)
  An acid dragon (D:11)
  4 soldier ants (Lair:5)
  11 porcupines
  4 ice beasts
  15 orc warriors
  An eye of draining (D:10)
  2 black bears
  3 necrophages
  6 phantoms
  The ghost of Gorglomux the Skirmisher, an amateur NaFi (D:3)
  5 sky beasts
  8 wolves
  6 ogres
  2 centaurs
  12 crocodiles
  17 bullfrogs
  7 big kobolds
  A wyvern zombie (D:6)
  A water moccasin zombie (D:6)
  A wyvern skeleton (D:11)
  10 scorpions
  11 killer bees (D:10)
  3 wights (D:10)
  5 howler monkeys
  2 electric eels (Lair:6)
  4 bullfrog zombies
  A crimson imp (D:11)
  10 lava snakes
  A human zombie (Ossuary)
  A centaur zombie (D:6)
  8 jellies
  9 orc priests
  7 hounds
  3 bullfrog skeletons
  2 centaur skeletons
  Jessica (D:3)
  14 orc wizards
  7 hell rats (Lair:6)
  7 worker ants
  A big kobold zombie (Ossuary)
  7 hound zombies
  2 hound skeletons
  2 mummies (Ossuary)
  Robin (D:3)
  2 howler monkey zombies (D:6)
  7 worker ant zombies
  A howler monkey skeleton (D:9)
  3 gnolls (D:3)
  17 adders
  A river rat (D:5)
  2 shadow imps
  9 oozes
  6 adder zombies
  4 adder skeletons
  A worm (D:5)
  3 leopard geckos
  55 orcs
  3 ball pythons
  3 giant cockroaches
  14 goblins
  15 hobgoblins
  15 jackals
  2 quokkas
  A ball python zombie (D:6)
  10 bats
  7 frilled lizards
  6 goblin zombies (Ossuary)
  7 hobgoblin zombies (Ossuary)
  3 jackal zombies
  9 kobolds
  6 kobold zombies (Ossuary)
  A leopard gecko skeleton (D:6)
  2 leopard gecko zombies (D:6)
  12 orc zombies (Ossuary)
  A quokka skeleton (D:5)
  2 quokka zombies (D:6)
  5 rats
  8 fungi
  5 plants
654 creatures vanquished.

Vanquished Creatures (collateral kills)
  An azure jelly (Slime:1)
  A slime creature (Slime:1)
2 creatures vanquished.

Vanquished Creatures (others)
  A komodo dragon (Lair:6)
  A worker ant (D:10)
  A gnoll (D:4)
  A worm (D:4)
  A leopard gecko (D:4)
  2 orcs (D:4)
  16 fungi
  27 plants
  5 toadstools (D:7)
55 creatures vanquished.

Grand Total: 711 creatures vanquished

Notes
Turn   | Place    | Note
-------+----------+-------------------------------------------
     0 | D:1      | TheOvate the Minotaur Berserker began the quest for the Orb.
     0 | D:1      | Reached XP level 1. HP: 19/19 MP: 0/0
   312 | D:1      | Reached XP level 2. HP: 27/27 MP: 1/1
   344 | D:1      | Reached skill level 4 in Axes
  1357 | D:2      | Reached XP level 3. HP: 33/33 MP: 2/2
  1915 | D:3      | Noticed Gorglomux's ghost (amateur NaFi)
  1926 | D:3      | Killed Gorglomux's ghost
  1926 | D:3      | Reached skill level 5 in Axes
  1926 | D:3      | Reached XP level 4. HP: 41/41 MP: 3/3
  1985 | D:3      | Reached ** piety under Trog
  2162 | D:3      | Reached XP level 5. HP: 47/47 MP: 4/4
  2190 | D:3      | Noticed Grinder
  2194 | D:3      | Killed Grinder
  2194 | D:3      | Reached skill level 5 in Fighting
  2194 | D:3      | Reached skill level 7 in Axes
  2194 | D:3      | Reached skill level 1 in Stealth
  2194 | D:3      | Reached XP level 6. HP: 56/56 MP: 5/5
  2295 | D:3      | Noticed Jessica
  2300 | D:3      | Noticed Robin
  2302 | D:3      | Killed Jessica
  2312 | D:3      | Killed Robin
  2734 | D:4      | Reached skill level 8 in Axes
  2734 | D:4      | Reached XP level 7. HP: 61/61 MP: 6/6
  2999 | D:4      | Found a sand-covered staircase.
  3012 | Ossuary  | Entered an ossuary
  3028 | Ossuary  | Reached *** piety under Trog
  3228 | D:5      | Entered Level 5 of the Dungeon
  3232 | D:5      | Reached **** piety under Trog
  3240 | D:5      | Reached skill level 9 in Axes
  3763 | D:5      | Reached XP level 8. HP: 66/70 MP: 7/7
  3794 | D:5      | Reached skill level 10 in Axes
  4298 | D:6      | Reached skill level 11 in Axes
  4380 | D:6      | Reached ***** piety under Trog
  4533 | D:6      | Reached XP level 9. HP: 71/78 MP: 8/8
  4548 | D:6      | Reached skill level 12 in Axes
  5123 | D:7      | Reached skill level 13 in Axes
  5142 | D:7      | Received a gift from Trog
  5289 | D:7      | Noticed Demitroll's ghost (novice DEFE)
  5304 | D:7      | Killed Demitroll's ghost
  5304 | D:7      | Reached skill level 5 in Dodging
  5309 | D:7      | Found a hide-covered altar of Uskayaw.
  5350 | D:7      | Found the +3 pair of gauntlets of War {Slay+5}
  5402 | D:7      | Reached skill level 14 in Axes
  5402 | D:7      | Reached skill level 5 in Armour
  5402 | D:7      | Reached XP level 10. HP: 88/88 MP: 9/9
  5556 | D:7      | Found a staircase to the Ecumenical Temple.
  5768 | D:7      | Found a sparkling altar of Nemelex Xobeh.
  6010 | D:8      | Found a staircase to the Lair.
  6013 | D:8      | Reached skill level 15 in Axes
  6014 | D:8      | lair entrance
  6254 | D:8      | Noticed a two-headed hydra
  6262 | D:8      | Killed an eight-headed hydra
  6262 | D:8      | Reached skill level 16 in Axes
  6417 | D:8      | Got a clouded bronze ring
  6418 | D:8      | Identified the ring "Viokh" {Wiz Str+4 Dex+2} (You found it on level 8 of the Dungeon)
  6640 | D:9      | Noticed Grum
  6647 | D:9      | Killed Grum
  6648 | D:9      | Received a gift from Trog
  6651 | D:9      | Got a crude battleaxe {god gift}
  6652 | D:9      | Identified the +2 battleaxe of Dadgher {holy, +Fly Str+4} (Trog gifted it to you on level 9 of the Dungeon)
  6681 | D:9      | Reached XP level 11. HP: 82/95 MP: 10/10
  6878 | D:9      | Noticed a two-headed ogre
  6883 | D:9      | Killed a two-headed ogre
  6937 | D:9      | Noticed a two-headed ogre
  6945 | D:9      | Killed a two-headed ogre
  7007 | D:9      | Noticed Gastronok
  7018 | D:9      | Killed Gastronok
  7018 | D:9      | Reached skill level 17 in Axes
  7373 | D:9      | Noticed an orc knight
  7374 | D:9      | Noticed an eight-headed hydra
  7384 | D:9      | Killed an orc knight
  7386 | D:9      | Killed a ten-headed hydra
  7420 | D:9      | Noticed a two-headed ogre
  7424 | D:9      | Killed a two-headed ogre
  7424 | D:9      | Reached skill level 18 in Axes
  7612 | D:10     | Entered Level 10 of the Dungeon
  7799 | D:10     | Noticed Nergalle
  7972 | D:10     | Reached XP level 12. HP: 106/106 MP: 11/11
  8002 | D:10     | Killed Nergalle
  8434 | D:10     | Got a twitching pewter amulet
  8446 | D:10     | Identified the amulet "Zoilulasm" {Gourm rPois rN+ Slay-4 Stlth+} (You found it on level 10 of the Dungeon)
  8638 | D:11     | Paralysed by a hornet for 1 turns
  8691 | D:11     | Reached ****** piety under Trog
  8725 | D:11     | Reached skill level 10 in Fighting
  8882 | D:11     | Found a staircase to the Orcish Mines.
  8882 | D:11     | Noticed a two-headed ogre
  8899 | D:11     | Killed a two-headed ogre
  8905 | D:11     | Reached skill level 19 in Axes
  8906 | D:11     | Received a gift from Trog
  8935 | D:11     | orcish mines entrance
  9159 | D:11     | Found the +9 staff of Olgreb {rPois}
  9483 | Lair:1   | Entered Level 1 of the Lair of Beasts
 10420 | Lair:2   | Noticed a seven-headed hydra
 10425 | Lair:2   | Killed a nine-headed hydra
 10833 | Lair:2   | Noticed a six-headed hydra
 10842 | Lair:2   | Killed a nine-headed hydra
 11114 | Lair:2   | Reached XP level 13. HP: 113/114 MP: 4/12
 11559 | Lair:3   | Reached skill level 20 in Axes
 11597 | Lair:3   | Received a gift from Trog
 11830 | Lair:3   | Found a staircase to the Swamp.
 11831 | Lair:3   | swamp entrance
 12465 | Lair:3   | Reached skill level 10 in Armour
 12987 | Lair:4   | Noticed Nessos
 12992 | Lair:4   | Killed Nessos
 13011 | Lair:4   | Found a hole to the Spider Nest.
 13023 | Lair:4   | entrance to spiders nest
 14185 | Lair:5   | Noticed an entropy weaver
 14227 | Lair:5   | Received a gift from Trog
 14250 | Lair:6   | Entered Level 6 of the Lair of Beasts
 14318 | Lair:6   | Found a staircase to the Slime Pits.
 14337 | Lair:6   | Reached XP level 14. HP: 122/122 MP: 4/13
 14761 | Lair:6   | Upgraded the game from 0.22-a0-292-g0df9d5f to 0.22-a0-430-g6609fc6
 14948 | Lair:6   | Reached skill level 10 in Dodging
 15349 | Lair:6   | Found a large runed door.
 15349 | Lair:6   | Found a large runed door.
 15953 | Slime:1  | Entered Level 1 of the Pits of Slime
 15953 | Slime:1  | Noticed an azure jelly
 15959 | Slime:1  | Noticed an acid blob
 15962 | Slime:1  | Killed an azure jelly
 15963 | Slime:1  | Noticed an azure jelly
 15970 | Slime:1  | Killed an acid blob
 15970 | Slime:1  | Gained mutation: Your body sometimes deteriorates upon taking damage. [a shining eye]
 15972 | Slime:1  | Killed an azure jelly
 15986 | Slime:1  | Noticed an azure jelly
 15991 | Slime:1  | Killed an azure jelly
 16072 | Slime:1  | Noticed an acid blob
 16078 | Slime:1  | Noticed an acid blob
 16088 | Slime:1  | HP: 5/122 [acid (11)]
 16089 | Slime:1  | Mangled by an acid blob

Vault maps used:
D:1:      dpeg_arrival_oval
D:2:      minmay_hexomino_p4
D:3:      first_ration, uniq_grinder, uniq_robin, uniq_jessica
D:4:      enter_ossuary_3, xom_confusion_cloud
D:5:      lightli_sewer_entry_pipes
D:6:      serial_undead, serial_undead_d, serial_undead_f, serial_undead_a,
          serial_undead_a, serial_undead_c, serial_undead_d, serial_undead_c,
          serial_undead_d, serial_undead_a, serial_undead_e,
          minmay_misc_feat_four_crosses
D:7:      cheibrodos_fertilizer, gammafunk_temple_overflow_statue, temple_pool_b
D:8:      grunt_lair_entry_orc_guard_hut, hangedman_ranch
D:9:      old_forge, nzn_random_ring, uniq_grum, uniq_gastronok
D:10:     serial_co_window_serial, co_window_corner_a, co_window_paths_b,
          co_window_paths_b, co_window_paths_a, co_window_paths_b,
          co_window_paths_a, co_window_broadway_b, co_window_of_opportunity_c,
          co_window_cross_3, co_window_of_opportunity_b, co_window_paths_d,
          co_window_sun, glass_columns_c, glass_columns_a, glass_columns_b,
          glass_columns_b, glass_columns_b, uniq_nergalle
D:11:     minmay_weird_star, david_orc_2
Lair:2:   serial_bayou_pond_a, cheibrodos_lair_lostbears, lemuel_fruit_fields
Lair:3:   cheibrodos_magma_flow, swamp_mist, nicolae_quartered_pool_super,
          st_stairs_8
Lair:4:   dummy_spider_entry, hibernation_bobbens, grunt_megastairs_5,
          lemuel_fruit_fields, uniq_nessos
Lair:5:   st_stairs_10, zaba_anthell
Lair:6:   cheibrodos_lair_end_hotspot, nicolae_slime_entry_slimehenge,
          serial_bayou_shore_a
Ossuary:  ossuary_tomb_1

Skill      XL: |  1  2  3  4  5  6  7  8  9 10 11 12 13 14 |
---------------+-------------------------------------------+-----
Fighting       | 4 5 6 7 8 9 10 | 10.8
Axes           | 4 5 7 8 9 11 14 16 18 19 20 | 20.4
Stealth        | 1 |  1.0
Armour         | 3 5 6 7 9 12 14 | 14.6
Dodging        | 3 4 5 6 7 9 12 | 12.8

Action                   |  1- 3 |  4- 6 |  7- 9 | 10-12 | 13-15 || total
-------------------------+-------+-------+-------+-------+-------++-------
Melee: Hand axe          |    71 |    65 |   330 |       |       ||   466
       Headbutt          |     9 |    12 |   108 |    95 |   128 ||   352
       Broad axe         |       |       |    18 |    96 |       ||   114
       Battleaxe         |       |       |       |   238 |       ||   238
       Executioner's axe |       |       |       |    98 |   409 ||   507
Invok: Berserk           |     2 |     3 |    12 |    11 |    11 ||    39
       Trog's Hand       |       |       |     1 |     5 |     7 ||    13
       Brothers in Arms  |       |       |       |       |     1 ||     1
Evoke: Wand              |       |       |     1 |     1 |     1 ||     3
  Use: Scroll            |       |     8 |     3 |    18 |     8 ||    37
       Potion            |       |       |     3 |     1 |     6 ||    10
 Stab: Sleeping          |     1 |     1 |     1 |       |       ||     3
  Eat: Ration            |     1 |     1 |     1 |     4 |     1 ||     8
       Chunk             |     1 |     1 |    17 |    16 |    26 ||    61
Armor: Animal skin       |     8 |     3 |       |       |       ||    11
       Leather armour    |       |     6 |    58 |       |       ||    64
       Plate armour      |       |       |    38 |   237 |   292 ||   567
Dodge: Dodged            |    37 |    38 |   184 |   202 |   256 ||   717

Table legend:
 A = Spawn XP
 B = Non-spawn XP
 C = Spawn XP percentage of total XP
 D = Spawn monster count
 E = Non-spawn monster count
 F = Spawn count percentage of total count
 G = Total turns spent on level
                    A         B        C        D         E        F      G
               +---------+---------+-------+---------+---------+-------+---------
         Total |       0 |   97307 |   0.0 |       0 |     643 |   0.0 | 16089
               +---------+---------+-------+---------+---------+-------+---------
           D:1 |       0 |      38 |   0.0 |       0 |      22 |   0.0 |  1302
           D:2 |       0 |      16 |   0.0 |       0 |      12 |   0.0 |   611
           D:3 |       0 |     569 |   0.0 |       0 |      37 |   0.0 |   693
           D:4 |       0 |     225 |   0.0 |       0 |      10 |   0.0 |   663
           D:5 |       0 |     662 |   0.0 |       0 |      28 |   0.0 |   747
           D:6 |       0 |    1787 |   0.0 |       0 |      52 |   0.0 |   777
           D:7 |       0 |    3168 |   0.0 |       0 |      51 |   0.0 |   878
           D:8 |       0 |    3741 |   0.0 |       0 |      27 |   0.0 |   737
           D:9 |       0 |   10190 |   0.0 |       0 |      56 |   0.0 |  1029
          D:10 |       0 |    3942 |   0.0 |       0 |      50 |   0.0 |  1030
          D:11 |       0 |    5589 |   0.0 |       0 |      50 |   0.0 |   811
        Lair:1 |       0 |    3158 |   0.0 |       0 |      17 |   0.0 |   863
        Lair:2 |       0 |    6237 |   0.0 |       0 |      18 |   0.0 |  1171
        Lair:3 |       0 |    9896 |   0.0 |       0 |      32 |   0.0 |  1417
        Lair:4 |       0 |    4196 |   0.0 |       0 |      12 |   0.0 |   860
        Lair:5 |       0 |    7221 |   0.0 |       0 |      29 |   0.0 |   456
        Lair:6 |       0 |   27624 |   0.0 |       0 |      90 |   0.0 |  1703
       Slime:1 |       0 |    8899 |   0.0 |       0 |      12 |   0.0 |   136
       Ossuary |       0 |     149 |   0.0 |       0 |      38 |   0.0 |   205
               +---------+---------+-------+---------+---------+-------+---------
